 Dungeon Crawl Stone Soup version 0.30-a0-422-g946f4849ff (webtiles) character file.

Game seed: 17751235517609436084

121 AigisTheKnight the Digger (level 5, -6/30 HPs)
             Began as a Gargoyle Earth Elementalist on Dec 9, 2022.
             Mangled by a gnoll
             ... wielding a +0 halberd
              (12 damage)
             ... on level 3 of the Dungeon.
             The game lasted 00:06:45 (2210 turns).

AigisTheKnight the Digger (GrEE)                    Turns: 2210, Time: 00:06:45

Health: -6/30      AC:  7    Str: 12    XL:     5   Next: 5%
Magic:  8/9        EV: 11    Int: 17    God:
Gold:   152        SH:  0    Dex: 10    Spells: 5/9 levels left

rFire   . . .      SeeInvis .    w - +2 halberd (protect)
rCold   . . .      Faith    .    (shield currently unavailable)
rNeg    + . .      Spirit   .    g - +0 leather armour
rPois   ∞          Reflect  .    (no helmet)
rElec   +          Harm     .    (no cloak)
rCorr   .          Rampage  .    (no gloves)
Will    .....                    (no boots)
Stlth   ++........               r - amulet of magic regeneration
HPRegen 0.25/turn                e - ring of flight
MPRegen 0.51/turn                (no ring)

@: flying
A: sickness immunity, AC +4, negative energy resistance 1, electricity
resistance, torment resistance 1, petrification resistance
a: no special abilities


You were on level 3 of the Dungeon.
You visited 1 branch of the dungeon, and saw 3 of its levels.

You collected 152 gold pieces.

Inventory:

Hand Weapons
 d - a +0 spear
 p - a +0 long sword
 w - a +2 halberd of protection (weapon)
Armour
 a - a +0 robe
 g - a +0 leather armour (worn)
 x - a +1 chain mail of poison resistance
Jewellery
 e - a ring of flight (left hand)
 r - an amulet of magic regeneration (around neck)
Wands
 v - a wand of polymorph (13)
Scrolls
 c - 2 scrolls of identify {unknown}
 i - 2 scrolls of enchant armour {unknown}
 k - a scroll of silence {unknown}
 m - a scroll of immolation {unknown}
 n - a scroll of torment {unknown}
 o - a scroll of poison {unknown}
 s - a scroll of amnesia {unknown}
 t - a scroll of fear {unknown}
Potions
 b - a potion of magic
 f - 4 potions of curing {unknown}
 h - a potion of ambrosia {unknown}
 j - a potion of flight {unknown}
 l - 2 potions of haste {unknown}
 q - 2 potions of brilliance {unknown}
 u - a potion of heal wounds {unknown}


   Skills:
 + Level 1.7 Fighting
 + Level 1.7 Armour
 - Level 1.7 Dodging
 - Level 2.4 Stealth
 + Level 2.7 Spellcasting
 - Level 1.0 Transmutations
 + Level 1.2 Air Magic
 + Level 4.3 Earth Magic


You had 5 spell levels left.
You knew the following spells:

 Your Spells              Type           Power      Damage    Failure   Level
a - Sandblast             Erth           34%        2d9       3%          1
b - Stone Arrow           Conj/Erth      18%        3d8       28%         3

Your spell library contained the following spells:

 Spells                   Type           Power      Damage    Failure   Level
 Passwall                 Tmut/Erth      9%         N/A       12%         2
 Shock                    Conj/Air       16%        1d4       19%         1
 Swiftness                Air            6%         N/A       38%         3
 Petrify                  Tmut/Erth      11%        N/A       58%         4
 Animate Armour           Summ/Erth      18%        N/A       67%         4
 Airstrike                Air            3%         2d(1-17)  80%         4
 Lehudib's Crystal Spear  Conj/Erth      4%         10d3      100%        8


Dungeon Overview and Level Annotations

Branches:
Dungeon (3/15)

Altars:

Annotations:
D:3 Grinder


Innate Abilities, Weirdness & Mutations

You are immune to sickness and miasma.
Your stone body is resilient. (AC +4)
You are immune to poison.
You resist negative energy. (rN+)
You are resistant to electric shocks. (rElec)
You are resistant to unholy torment.
You are immune to petrification.


Message History

The frilled lizard barely misses you. The rat bites you but does no damage.
The frilled lizard barely misses you.
The gnoll hits you from afar with a +0 halberd.
You closely miss the rat. The rat bites you but does no damage.
The frilled lizard bites you but does no damage.
The gnoll hits you from afar with a +0 halberd!
Unknown command.
Casting: Sandblast (safe; 3% risk of failure)
Confirm with . or Enter, or press ? or * to list all spells.
Aiming: Sandblast (safe; 3% risk of failure)
Press: ? - help, Shift-Dir - straight line, f - rat
Aim: a rat (82% to hit)
The blast of sand hits the rat!
You kill the rat!
The kobold barely misses you. The gnoll barely misses you.
The gnoll hits you from afar with a +0 halberd.
The frilled lizard closely misses you.
The gnoll hits you from afar with a +0 halberd!
* * * LOW HITPOINT WARNING * * *
The kobold closely misses you. The frilled lizard barely misses you.
The gnoll barely misses you.
Unknown command.
Casting: Sandblast (safe; 3% risk of failure)
Confirm with . or Enter, or press ? or * to list all spells.
Aiming: Sandblast (safe; 3% risk of failure)
Press: ? - help, Shift-Dir - straight line, f - frilled lizard
Aim: a frilled lizard (70% to hit)
The blast of sand hits the frilled lizard!
You kill the frilled lizard!
The gnoll misses you. The kobold barely misses you.
The gnoll barely misses you.
Casting: Sandblast (safe; 3% risk of failure)
Confirm with . or Enter, or press ? or * to list all spells.
Aiming: Sandblast (safe; 3% risk of failure)
Press: ? - help, Shift-Dir - straight line, f - kobold
Aim: a kobold, wielding a +0 dagger and quivering stones (77% to hit)
The blast of sand hits the kobold!
You kill the kobold!
The gnoll hits you from afar with a +0 halberd!
You die...

#.##.........# ...≈##≈
####.........# ..≈~...
##...........###++.≈~....
.............#.....≈....
##.#.#..##...+........###
......g.#..###...........
..#.##..#......g.........
#.#.............†.#
#...###.......g.@.#
##......#......)..#
###..#.#.........#
#..>..######....# #.#####
###### #. #


You could see 2 gnolls.

Vanquished Creatures
  Terence (D:3)
  4 gnolls (D:3)
  4 orcs (D:3)
  4 ball pythons
  8 bats
  5 endoplasms
  2 giant cockroaches
  5 hobgoblins (D:1)
  6 kobolds
  2 quokkas
  5 frilled lizards
  11 rats
57 creatures vanquished.

Notes
Turn   | Place    | Note
-------+----------+-------------------------------------------
     0 | D:1      | AigisTheKnight the Gargoyle Earth Elementalist began the
                  | quest for the Orb.
     0 | D:1      | Reached XP level 1. HP: 10/10 MP: 3/3
   174 | D:1      | Reached skill level 1 in Transmutations
   174 | D:1      | Reached XP level 2. HP: 12/15 MP: 0/5
   304 | D:1      | Found a faded altar of an unknown god.
   807 | D:1      | Reached XP level 3. HP: 20/20 MP: 4/6
   923 | D:1      | Reached skill level 4 in Earth Magic
  1546 | D:2      | Reached skill level 1 in Armour
  1581 | D:2      | Learned a level 3 spell: Stone Arrow
  1587 | D:2      | Reached skill level 1 in Fighting
  1852 | D:3      | Noticed Terence
  1894 | D:3      | Noticed Grinder
  1946 | D:3      | Reached XP level 4. HP: 13/25 MP: 5/7
  1977 | D:3      | Reached skill level 1 in Air Magic
  2046 | D:3      | Killed Terence
  2047 | D:3      | Reached XP level 5. HP: 12/30 MP: 5/9
  2210 | D:3      | Mangled by a gnoll

Illustrated notes

Levels and vault maps discovered:
D:1:      dpeg_arrival_three_same_balls, layout_loops_corners,
          shapermc_ecumenical_altar_starsandcircs, minmay_tromino_v4_a
D:2:      layout_basic, grunt_ministairs_1, serial_bayou_pond_e
D:3:      layout_basic, lightli_sewer_entry_pipes, serial_rivers,
          chequers_serial_rivers_small_a, chequers_serial_rivers_small_b,
          chequers_serial_rivers_room_b, chequers_serial_rivers_small_a,
          chequers_serial_rivers_micro_a, chequers_serial_rivers_micro_b,
          grunt_ministairs_15, uniq_terence, uniq_grinder

Skill      XL: |  1  2  3  4 |
---------------+-------------+-----
Transmutations | 1 |  1.0
Earth Magic    | 4 |  4.3
Armour         | 1 |  1.7
Fighting       | 1 |  1.7
Air Magic      | 1 |  1.2
Dodging        | |  1.7
Stealth        | |  2.4
Spellcasting   | |  2.7

Action                   |  1- 3 |  4- 6 || total
-------------------------+-------+-------++-------
Melee: Spear             |    31 |       ||    31
       Halberd           |       |     6 ||     6
 Cast: Sandblast         |    49 |    22 ||    71
 Stab: Sleeping          |     1 |       ||     1
Armor: Robe              |    10 |       ||    10
       Leather armour    |    13 |    10 ||    23
       Skin              |       |     9 ||     9
Dodge: Dodged            |    39 |    29 ||    68

Table legend: (Time is in decaauts)
 A = Elapsed time spent in this place.
 B = Non-inter-level travel time spent in this place.
 C = Inter-level travel time spent in this place.
 D = Time resting spent in this place.
 E = Time spent auto-exploring this place.
 F = Levels seen in this place.
 G = Mean time per level.
                   A        B        C        D        E       F      G
               +--------+--------+--------+--------+--------+-----+--------+
         Total |   2249 |   2143 |    106 |      8 |   1512 |   3 |  749.7 |
       Dungeon |   2249 |   2143 |    106 |      8 |   1512 |   3 |  749.7 |
               +--------+--------+--------+--------+--------+-----+--------+

Top non-repeatable levels by time:
     D:1: 1287 daAuts
     D:2: 622 daAuts
     D:3: 339 daAuts
